AoeStats
← RedPhosphoru

Arabian Desert

509994765Analyzed
1v1 RM · 3d ago on Sep 29, 2026· 21m 34s· 2 players
Game mode
Random Map
Map size
Tiny (2 player)
Population
200
Speed
Normal
Resources
Standard
Victory
Conquest
Starting age
Dark Age
Ending age
Imperial Age
RankedLock teamsTeams togetherTeam positionsShared explorationLock speedFull tech treeHidden civsTurbo modeCheats
Victory
Defeat
🇺🇸 Spanish · United States
2278
+13
🇪🇬 Varangians · Egypt
2218
-13
Ghosty
5:05 Loom
9:52 Feudal Age
10:18 Man-at-Arms
11:33 Double-Bit Axe
15:06 Fletching
RedPhosphoru
7:35 Loom
10:50 Feudal Age
14:46 Castle Age
15:30 Double-Bit Axe
Connection lost

Rejoining the realm…

Still unreachable

The connection could not be restored.

Session expired

The server has moved on; the page needs a fresh start.